 Dungeon Crawl Stone Soup version 0.28.0-43-g3370ac3207 (webtiles) character file.

Game seed: 109602389705312695

792 Circulus the Chopper (level 7, -16/63 HPs)
             Began as a Hill Orc Berserker on Mar 15, 2022.
             Was a Believer of Trog.
             Demolished by a two-headed ogre
             ... wielding a +0 giant club
              (18 damage)
             ... on level 4 of the Dungeon on Mar 16, 2022.
             The game lasted 00:45:14 (6895 turns).

Circulus the Chopper (Hill Orc Berserker)           Turns: 6895, Time: 00:45:14

Health: -16/63     AC: 10    Str: 22    XL:     7   Next: 88%
Magic:  7/7        EV: 11    Int:  7    God:    Trog [**....]
Gold:   191        SH:  0    Dex: 10    Spells: 6/6 levels left

rFire   . . .      SeeInvis .   a - +0 hand axe
rCold   . . .      Faith    .   (no shield)
rNeg    + . .      Spirit   .   c - +1 ring mail of Watchfulness {rPois}
rPois   +          Reflect  .   (no helmet)
rElec   .          Harm     .   x - +0 cloak
rCorr   .          Rampage  .   C - +0 pair of gloves
Will    .....                   l - +0 pair of boots
Stlth   ..........              u - amulet of the acrobat
HPRegen 0.20/turn               I - ring of positive energy
MPRegen 0.10/turn               (no ring)

@: about to teleport, on berserk cooldown, slowed, very slow
A: no striking features
a: Renounce Religion, Berserk, Trog's Hand


You were on level 4 of the Dungeon.
You worshipped Trog.
Trog was pleased with you.
You visited 1 branch of the dungeon, and saw 5 of its levels.

You collected 191 gold pieces.

Inventory:

Hand Weapons
 a - a +0 hand axe (weapon)
 k - a +0 dagger of speed
 t - a +0 club
 v - a +1 whip of draining
 A - a +3 mace
 H - a +4 spear
Missiles
 g - 149 stones (quivered)
 j - 42 arrows
 m - 23 bolts
 q - 4 poisoned darts
 B - a boomerang
 J - 11 sling bullets
Armour
 c - the +1 ring mail of Watchfulness (worn) {rPois}
   (You found it on level 3 of the Dungeon)

   rPois:     It protects you from poison.
 l - a +0 pair of boots (worn)
 s - a +0 robe
 x - a +0 cloak (worn)
 z - a +0 scale mail
 C - a +0 pair of gloves (worn)
Jewellery
 u - an amulet of the acrobat (around neck)
 I - a ring of positive energy (left hand)
Scrolls
 d - a scroll of acquirement {unknown}
 i - 3 scrolls of amnesia
 n - a scroll of fear {unknown}
 o - 4 scrolls of teleportation
 y - a scroll of holy word {unknown}
 D - 2 scrolls of immolation {unknown}
 E - 2 scrolls of vulnerability {unknown}
 F - a scroll of summoning {unknown}
Potions
 b - 4 potions of might
 e - 2 potions of curing {unknown}
 f - a potion of degeneration {unknown}
 h - 3 potions of heal wounds {unknown}
 p - 2 potions of attraction {unknown}
 r - a potion of haste
 w - a potion of mutation {unknown}
 G - a potion of experience {unknown}


   Skills:
 + Level 6.0 Fighting
 * Level 7.7 Axes
 + Level 4.7 Armour
 + Level 3.5 Dodging


You had 6 spell levels left.
You didn't know any spells.
Your spell library was empty.

Dungeon Overview and Level Annotations

Branches:
Dungeon (5/15)
 Temple: D:4-7

Altars:
Dithmenos
Nemelex Xobeh

Annotations:
D:4 exclusion: 2 downstairs
D:5 exclusion: door, Eustachio


Message History

The two-headed ogre misses you.
The two-headed ogre completely misses you.
There is a large broken door here.
There is a stone staircase leading up, spattered with blood here.
The two-headed ogre hits you but does no damage.
The two-headed ogre closely misses you.
You climb upwards.
Level annotation: exclusion: 2 downstairs
There is a stone staircase leading down, spattered with blood here.
Okay, then.
A red film seems to cover your vision as you go berserk!
You feel yourself moving faster!
You feel mighty!
The two-headed ogre hits you with a +0 giant club!
The two-headed ogre hits you with a +0 giant spiked club!!
You hit the two-headed ogre.
The two-headed ogre is lightly wounded.
You barely miss the two-headed ogre.
The two-headed ogre is lightly wounded.
The two-headed ogre hits you with a +0 giant club!!
* * * LOW HITPOINT WARNING * * *
The two-headed ogre hits you with a +0 giant spiked club!
* * * LOW HITPOINT WARNING * * *
You hit the two-headed ogre.
The two-headed ogre is lightly wounded.
You completely miss the two-headed ogre.
The two-headed ogre is lightly wounded.
The two-headed ogre completely misses you.
The two-headed ogre hits you with a +0 giant spiked club!
* * * LOW HITPOINT WARNING * * *
You feel a strong urge to attack something.
You feel your anger nearly subside.
You are no longer berserk.
You are exhausted.
You feel yourself slow down.
The two-headed ogre completely misses you.
The two-headed ogre hits you with a +0 giant spiked club!
* * * LOW HITPOINT WARNING * * *
As you read the scroll of teleportation, it crumbles to dust.
You feel strangely unstable.
The two-headed ogre hits you with a +0 giant club!!
You die...

#.#######.####.##
#.#...O.>)......#
#.#.#####.####..####
#.#.# #.# #..#...
#.#.# #.####..#.##
#.#.# #.........#
#.#.# ######..###
#.#O# #..# #.#@#
#..####
#.#.##########..##..
#..................#
###.............####
######.......##
#.####### ###.###
#.....#
#.###.#######


You could see a two-headed ogre.

Vanquished Creatures
  3 ogres
  A necrophage (D:5)
  A gnoll sergeant (D:5)
  A bullfrog zombie (D:5)
  A centaur zombie (D:5)
  A gnoll shaman (D:4)
  2 iguanas
  A hound skeleton (D:5)
  A howler monkey zombie (D:5)
  4 gnolls (D:2)
  7 adders
  A howler monkey skeleton (D:5)
  An ufetubus (D:4)
  2 worms
  4 dart slugs
  10 orcs
  8 ball pythons
  5 endoplasms
  2 giant cockroaches
  6 goblins
  10 hobgoblins
  9 jackals
  4 kobolds
  A quokka (D:2)
  3 bats
  4 frilled lizards
  3 rats (D:3)
96 creatures vanquished.

Notes
Turn   | Place    | Note
-------+----------+-------------------------------------------
     0 | D:1      | Circulus the Hill Orc Berserker began the quest for the
                  | Orb.
     0 | D:1      | Reached XP level 1. HP: 19/19 MP: 1/1
   354 | D:1      | Reached XP level 2. HP: 27/27 MP: 2/2
  1106 | D:2      | Reached XP level 3. HP: 33/33 MP: 3/3
  1843 | D:2      | Reached XP level 4. HP: 24/40 MP: 4/4
  2809 | D:3      | Reached ** piety under Trog
  2907 | D:3      | Reached skill level 5 in Axes
  2907 | D:3      | Reached XP level 5. HP: 38/40 MP: 5/5
  3574 | D:3      | Identified the +1 ring mail of Watchfulness {rPois}
  4085 | D:4      | Reached skill level 5 in Fighting
  4237 | D:4      | Found a shadowy altar of Dithmenos.
  4322 | D:4      | Reached XP level 6. HP: 53/54 MP: 6/6
  4820 | D:4      | Found a sparkling altar of Nemelex Xobeh.
  4839 | D:4      | Reached skill level 6 in Axes
  5101 | D:5      | Entered Level 5 of the Dungeon
  5484 | D:4      | Reached XP level 7. HP: 17/61 MP: 7/7
  5964 | D:5      | Reached skill level 7 in Axes
  6075 | D:5      | Noticed a two-headed ogre
  6196 | D:5      | Noticed Eustachio
  6893 | D:4      | HP: 1/63 [two-headed ogre/+0 giant club (11)]
  6895 | D:4      | Demolished by a two-headed ogre

Illustrated notes

Levels and vault maps discovered:
D:1:      dpeg_arrival_brainrot, layout_loops_corners
D:2:      layout_rooms, grunt_decor_fettered
D:3:      layout_rooms, amcnicky_mini_pool_small, minmay_ruptured
D:4:      layout_loops_ring, grunt_dithmenos_smoke_and_mirrors,
          nemelex_xobeh_ov_fountains_minmay, minmay_bisected
D:5:      kennysheep_big_flooded_room, layout_loops_corners, uniq_eustachio

Skill      XL: |  1  2  3  4  5  6  7 |
---------------+----------------------+-----
Fighting       | 4 5 6 |  6.0
Dodging        | 2 3 |  3.5
Armour         | 3 4 |  4.7
Axes           | 5 6 7 |  7.7

Action                   |  1- 3 |  4- 6 |  7- 9 || total
-------------------------+-------+-------+-------++-------
Melee: Hand axe          |   111 |   257 |    70 ||   438
       Punch             |     3 |     1 |       ||     4
Invok: Berserk           |     1 |     1 |     3 ||     5
  Use: Scroll            |     1 |     3 |     1 ||     5
Armor: Animal skin       |     3 |       |       ||     3
       Ring mail         |    40 |    78 |     1 ||   119
       Scale mail        |       |    20 |    17 ||    37
Dodge: Dodged            |    72 |   138 |    32 ||   242
